cohdb
Replays
Latest Replays
All Replays
Popular Replays
Top Player Replays
Match Explorer
How It Works
Community
CoH3 Stats
Reddit
Sign in to upload your games and track your stats! →
Sign in with Steam
Match 42922574
Unlisted
Match 42922574
Overview
Messages
Build Orders
End
Construct Barracks
Scout Squad
Engineer Squad
Riflemen Squad
Construct Medical Station
Construct Weapon Support Center
Sniper
M1919 Machine Gun Team
.30 cal Machine Gun
1⁄4-ton 4x4 Truck
Mechanized Support Center
M1919 Machine Gun Team
Mortar Pit
Selects Armored Battlegroup
Selects Assault Engineers
Construct Motor Pool
M8 Greyhound Armored Car
Selects Fast Deploy
Selects Seek and Destroy
Selects Field Repairs
Bazooka Squad
Bazooka Squad
Bazooka Squad
Bazooka Squad
Improved M9 Bazooka Rockets
murtadaalogaili10
Guderian ITA
0
0
Comments
sign in to comment!
No comments posted yet!